 Dungeon Crawl Stone Soup version 0.28-a0-1235-g7c8fac35f0 (webtiles) character file.

Game seed: 3505392733760411791

32 Gargoyl the Skirmisher (level 3, -3/35 HPs)
             Began as a Gnoll Abyssal Knight on Dec 25, 2021.
             Was a Follower of Lugonu.
             Killed by divine providence
             ... invoked by an orc priest
              (7 damage)
             ... on level 2 of the Dungeon.
             The game lasted 00:01:41 (1458 turns).

Gargoyl the Skirmisher (Gnoll Abyssal Knight)       Turns: 1458, Time: 00:01:42

Health: -3/35      AC:  4    Str: 14    XL:     3   Next: 25%
Magic:  6/6        EV: 12    Int:  9    God:    Lugonu [*.....]
Gold:   49         SH:  0    Dex: 12    Spells: 3/3 levels left

rFire   . . .      SeeInvis .   a - +2 hand axe
rCold   . . .      Faith    .   (no shield)
rNeg    . . .      Spirit   .   b - +0 leather armour
rPois   .          Reflect  .   (no helmet)
rElec   .          Harm     .   (no cloak)
rCorr   .          Rampage  .   e - +0 pair of gloves
Will    .....                   (no boots)
Stlth   +.........              (no amulet)
HPRegen 0.11/turn               (no ring)
MPRegen 0.10/turn               (no ring)

@: brilliant
A: fangs 1, strong nose, distributed training
a: Renounce Religion, Depart the Abyss


You were on level 2 of the Dungeon.
You worshipped Lugonu.
Lugonu was aware of your devotion.
You visited 1 branch of the dungeon, and saw 2 of its levels.
You visited the Abyss 1 time.

You collected 49 gold pieces.

Inventory:

Hand Weapons
 a - a +2 hand axe (weapon)
Armour
 b - a +0 leather armour (worn)
 e - a +0 pair of gloves (worn)
Scrolls
 d - a scroll of silence {unknown}
 f - a scroll of immolation {unknown}


   Skills:
 + Level 6.5 Fighting
 + Level 0.7 Short Blades
 + Level 0.7 Long Blades
 + Level 4.5 Axes
 + Level 0.7 Maces & Flails
 + Level 0.7 Polearms
 + Level 0.7 Staves
 + Level 0.7 Slings
 + Level 0.7 Bows
 + Level 0.7 Crossbows
 + Level 0.7 Throwing
 + Level 4.5 Armour
 + Level 2.6 Dodging
 + Level 0.7 Stealth
 + Level 0.7 Shields
 + Level 0.7 Unarmed Combat
 + Level 0.7 Spellcasting
 + Level 0.5 Conjurations
 + Level 0.5 Hexes
 + Level 0.5 Summonings
 + Level 0.5 Necromancy
 + Level 0.5 Translocations
 + Level 0.5 Transmutations
 + Level 0.5 Fire Magic
 + Level 0.5 Ice Magic
 + Level 0.5 Air Magic
 + Level 0.5 Earth Magic
 + Level 0.5 Poison Magic
 + Level 4.5 Invocations
 + Level 0.7 Evocations


You had 3 spell levels left.
You didn't know any spells.
Your spell library contained the following spells:

 Spells                   Type           Power      Damage    Failure   Level
 Beastly Appendage        Tmut           2%         N/A       36%         1
 Wereblood                Tmut           1%         N/A       50%         2
 Spider Form              Tmut/Pois      1%         N/A       75%         3


Dungeon Overview and Level Annotations

Branches:
Dungeon (2/15)

Altars:


Innate Abilities, Weirdness & Mutations

You have very sharp teeth.
Your uncanny sense of smell can sniff out nearby items.
Your experience applies equally to all skills.


Message History

You closely miss the orc. The orc misses you.
The orc hits you with a +0 dagger.
The orc priest begins to cast a cantrip, but forgets the words!
You barely miss the orc.
The orc is heavily wounded.
You closely miss the orc.
The orc priest invokes the aid of Beogh against you.
Beogh smites you! The orc hits you but does no damage.
The orc closely misses you.
The orc priest miscasts a cantrip.
You barely miss the orc.
The orc is heavily wounded.
You hit the orc. The orc hits you with a +0 hand axe.
* * * LOW HITPOINT WARNING * * *
The orc barely misses you.
The orc priest begins to cast a cantrip, but forgets the words!
You feel clever all of a sudden. The orc barely misses you. x2
You barely miss the orc.
The orc is heavily wounded.
You barely miss the orc. The orc barely misses you. The orc closely misses you.
The orc priest calls upon Beogh to heal the orc.
The orc's wounds heal themselves!
Unknown command.
You slash the orc!
You kill the orc!
Lugonu accepts your kill.
You hit the orc. The orc hits you with a +0 dagger.
* * * LOW HITPOINT WARNING * * *
Unknown command.
You hit the orc.
The orc is severely wounded.
You hit the orc.
You kill the orc!
Lugonu accepts your kill. The orc hits you with a +0 short sword.
* * * LOW HITPOINT WARNING * * *
The orc priest calls down the wrath of Beogh upon you.
Beogh smites you!
You die...

### #.# .. #.#
..#.# .#.#
..#######
##........ ##...#
#############....#
...###...####..#@#
...###....###..#o)#
...###....###..#oo#
#...#...#..##..#..#
##.....##..#..##..#
###...###....###..#
###...###...## #..#
###...####### #..#
#######


You could see 2 orc priests and an orc.

Vanquished Creatures
  2 orcs (D:2)
  A giant cockroach (D:1)
  3 goblins
  4 hobgoblins
  4 jackals (D:1)
  4 kobolds (D:1)
  3 quokkas
  2 bats (D:1)
  4 frilled lizards (D:1)
  A rat (D:1)
28 creatures vanquished.

Notes
Turn   | Place    | Note
-------+----------+-------------------------------------------
     0 | Abyss:1  | Gargoyl the Gnoll Abyssal Knight began the quest for the
                  | Orb.
     0 | Abyss:1  | Reached XP level 1. HP: 23/23 MP: 3/3
    34 | Abyss:1  | Found a corrupted altar of Lugonu.
    76 | Abyss:2  | Noticed a large abomination
    98 | D:1      | Escaped the Abyss
   205 | D:1      | Reached XP level 2. HP: 15/29 MP: 5/5
   406 | D:1      | Reached * piety under Lugonu
   923 | D:1      | Reached XP level 3. HP: 35/35 MP: 6/6
  1458 | D:2      | Killed from afar by an orc priest

Illustrated notes

Levels and vault maps discovered:
D:1:      roderic_octagonal_star, layout_basic, minmay_hedge_maze,
          kennysheep_nondescript, minivault_27, minmay_tetromino_l2
D:2:      layout_loops_ring, shapermc_ecumenical_altar_venn,
          hangedman_glass_teeth

Action                   || total
-------------------------++-------
Melee: Hand axe          ||    78
       Bite              ||     2
Invok: Depart the Abyss  ||     1
  Use: Potion            ||     2
       Scroll            ||     1
Armor: Leather armour    ||    31
Dodge: Dodged            ||    68

Table legend: (Time is in decaauts)
 A = Elapsed time spent in this place.
 B = Non-inter-level travel time spent in this place.
 C = Inter-level travel time spent in this place.
 D = Time resting spent in this place.
 E = Time spent auto-exploring this place.
 F = Levels seen in this place.
 G = Mean time per level.
                   A        B        C        D        E       F      G
               +--------+--------+--------+--------+--------+-----+--------+
         Total |   1463 |   1434 |     29 |      0 |   1191 |   4 |  365.8 |
       Dungeon |   1365 |   1336 |     29 |      0 |   1134 |   2 |  682.5 |
         Abyss |     97 |     97 |      0 |      0 |     57 |   2 |   48.5 |
               +--------+--------+--------+--------+--------+-----+--------+

Top non-repeatable levels by time:
     D:1: 1180 daAuts
     D:2: 185 daAuts
 Abyss:1: 71 daAuts
 Abyss:2: 26 daAuts
